 Dungeon Sprint DCSS version 0.22.1-1-ga44c0e56f4 (webtiles) character file.

220 MuseOD the Covert (level 5, -9/45 HPs)
             Began as a Spriggan Enchanter on Sept 23, 2018.
             Was an Initiate of Dithmenos.
             Mangled by a spriggan
             ... wielding a +0 short sword
              (10 damage)
             ... in the Dungeon (Sprint IV: "Fedhas' Mad Dash").
             The game lasted 00:01:05 (230 turns).

MuseOD the Covert (Spriggan Enchanter)               Turns: 230, Time: 00:01:06

Health: -9/45      AC:  2    Str:  9    XL:     5   Next: 64%
Magic:  2/10       EV: 18    Int: 18    God:    Dithmenos [......]
Gold:   101        SH:  0    Dex: 16    Spells: 3/9 levels left

rFire    . . .     SeeInvis +   a - +1 dagger
rCold    . . .     Gourm    .   (shield restricted)
rNeg     . . .     Faith    .   b - +0 robe
rPois    .         Spirit   .   (helmet restricted)
rElec    .         Reflect  .   (no cloak)
rCorr    .         Harm     .   (gloves unavailable)
MR       .....     NoTele   +   (boots unavailable)
Stlth    ..........             c - amulet of invisibility {+Inv}
HPRegen  0.15/turn              (no ring)
MPRegen  0.12/turn              (no ring)

@: berserking, very slightly contaminated, very quick
A: very small, unfitting armour, see invisible, herbivore, speed 3, slow
metabolism 2
a: Renounce Religion, Evoke Invisibility


You were in the Dungeon.
You worshipped Dithmenos.
Dithmenos was noncommittal.
You were not hungry.

You visited 1 branch You collected 101 gold pieces.

Inventory:

Hand Weapons
 a - a +1 dagger (weapon)
Armour
 b - a +0 robe (worn)
Jewellery
 c - the amulet of invisibility (around neck) {+Inv}
   (You found it in the Dungeon)

   [amulet of nothing]

   It lets you turn invisible.
Scrolls
 j - 2 scrolls of blinking
Potions
 e - a potion of curing
 f - a potion of heal wounds
 g - a potion of haste
 h - 2 potions of magic
Comestibles
 d - a ration


   Skills:
 + Level 4.7 Fighting
 * Level 9.1 Short Blades
 - Level 3.0 Dodging
 + Level 10.1 Stealth
 - Level 2.6 Spellcasting
 - Level 3.6 Hexes


You had 3 spell levels left.
You knew the following spells:

 Your Spells              Type           Power        Failure   Level  Hunger
a - Corona                Hex            ###....      3%          1    #......
b - Ensorcelled Hibernat  Hex/Ice        #.....       12%         2    ##.....
c - Confuse               Hex            ###.....     12%         3    ###....

Your spell library contained the following spells:

 Spells                   Type           Power        Failure   Level  Hunger
 Tukima's Dance           Hex            ###.....     12%         3    ###....
 Dazzling Spray           Conj/Hex       #.....       24%         3    ###....


Dungeon Overview and Level Annotations

Branches:
Dungeon (1/1)

Altars:
Cheibriados
Dithmenos
Elyvilon
Gozag
Hepliaklqana
Kikubaaqudgha
Makhleb
Nemelex Xobeh
Okawaru
Qazlal
Ru
Sif Muna
Trog
Uskayaw
Vehumet
Wu Jian
Xom
Yredelemnul
Zin
The Shining One
Beogh
Jiyva
Lugonu


Innate Abilities, Weirdness & Mutations

You are very small and have problems with some larger weapons.
You are too small for most types of armour.
You have supernaturally acute eyesight. (SInv)
You are a herbivore.
You cover ground extremely quickly.
You need to consume almost no food.


Message History

You closely miss the scorpion. You puncture the scorpion!
The scorpion is heavily wounded.
You hit the scorpion but do no damage.
The scorpion is heavily wounded.
The scorpion misses you.
You puncture the scorpion!
You kill the scorpion!
Dithmenos accepts your kill.
Your Short Blades skill increases to level 9!
Your Stealth skill increases to level 10!
You closely miss the spriggan. You miss the spriggan.
The spriggan hits you with a short sword!!
* * * LOW HITPOINT WARNING * * *
There is an open door, spattered with blood here.
You see here a scorpion corpse.
You barely miss the spriggan.
The spriggan hits you with a short sword!
You die...

########################
..#.⌠._._._._.⌠.#..'$..#
..'.._._._._._..@i.#$.$#
..#..._._._._..i#..###+#
'##.._._._._._..#..#
..#._._._._._.⌠.####
..############### ###


You could see 2 spriggans.

Vanquished Creatures
  A scorpion (D)
  4 oklob saplings (D)
  A worker ant (D)
  A river rat (D)
  A rat (D)
8 creatures vanquished.

Notes
Turn   | Place    | Note
-------+----------+-------------------------------------------
     0 | D        | MuseOD the Spriggan Enchanter began the quest for the Orb.
     0 | D        | Reached XP level 1. HP: 9/9 MP: 5/5
     8 | D        | Reached skill level 1 in Fighting
     8 | D        | Reached skill level 5 in Stealth
     8 | D        | Reached XP level 2. HP: 14/14 MP: 6/6
    14 | D        | Learned a level 2 spell: Ensorcelled Hibernation
    15 | D        | Noticed an oklob sapling
    17 | D        | Killed an oklob sapling
    17 | D        | Reached skill level 6 in Stealth
    17 | D        | Reached XP level 3. HP: 19/19 MP: 8/8
    22 | D        | Learned a level 3 spell: Confuse
    24 | D        | Found the amulet of invisibility {+Inv}
    25 | D        | Reached skill level 5 in Short Blades
    25 | D        | Reached skill level 7 in Stealth
    46 | D        | Noticed an oklob sapling
    49 | D        | Killed an oklob sapling
    49 | D        | Reached XP level 4. HP: 24/24 MP: 6/9
    58 | D        | Found an opulent altar of Gozag.
    58 | D        | Found a hazy altar of Hepliaklqana.
    58 | D        | Found a roughly hewn altar of Beogh.
    58 | D        | Found a snail-covered altar of Cheibriados.
    59 | D        | Found a viscous altar of Jiyva.
    59 | D        | Found a burning altar of Makhleb.
    59 | D        | Found a sparkling altar of Nemelex Xobeh.
    59 | D        | Found a sacrificial altar of Ru.
    59 | D        | Found a deep blue altar of Sif Muna.
    59 | D        | Found a bloodstained altar of Trog.
    59 | D        | Found an ornate altar of the Wu Jian Council.
    59 | D        | Found a shimmering altar of Xom.
    59 | D        | Found a basalt altar of Yredelemnul.
    60 | D        | Found an iron altar of Okawaru.
    60 | D        | Found a glowing silver altar of Zin.
    60 | D        | Found a shadowy altar of Dithmenos.
    61 | D        | Found a hide-covered altar of Uskayaw.
    61 | D        | Found an ancient bone altar of Kikubaaqudgha.
    62 | D        | Found a glowing golden altar of the Shining One.
    62 | D        | Found a stormy altar of Qazlal.
    62 | D        | Found a white marble altar of Elyvilon.
    63 | D        | Found a radiant altar of Vehumet.
    63 | D        | Found a corrupted altar of Lugonu.
    66 | D        | Reached skill level 8 in Stealth
    69 | D        | Became a worshipper of Dithmenos the Shadowed
   198 | D        | Reached skill level 9 in Stealth
   198 | D        | Reached XP level 5. HP: 29/29 MP: 7/10
   226 | D        | Reached skill level 10 in Stealth
   229 | D        | HP: 1/45 [spriggan/short sword (18)]
   230 | D        | Mangled by a spriggan

Skill      XL: |  1  2  3  4  5 |
---------------+----------------+-----
Fighting       | 1 2 3 4 |  4.7
Short Blades   | 3 4 6 8 9 |  9.1
Stealth        | 5 6 7 9 10 | 10.1
Dodging        | |  3.0
Spellcasting   | |  2.6
Hexes          | |  3.6

Action                   |  1- 3 |  4- 6 || total
-------------------------+-------+-------++-------
Melee: Dagger            |     5 |    12 ||    17
 Cast: Confuse           |       |     1 ||     1
       Ensorcelled Hiber |       |     1 ||     1
 Abil: Evoke Invisibilit |     1 |     1 ||     2
  Use: Potion            |       |     1 ||     1
 Stab: Sleeping          |     5 |     2 ||     7
Dodge: Dodged            |       |    10 ||    10
